Map: Alcyone LE

Players

Redfox - Winner!

  • Race: Zerg Zerg
  • Spawn Location: 1:00

Crocus

  • Race: Protoss Protoss
  • League: Silver
  • Spawn Location: 7:00

VOD

Have the link to the VOD?

Description

Time

  • Played on: May 21, 2024, 11:29 p.m.
  • Length: 4:03
Show
View Real Time Build Order
Export as new Build Order

Redfox Zerg - Winner!

Build Orders: Pool First 

Get SALT Encoding   

  12  0:02  Drone  
  13  0:32  Spawning Pool  
  12  0:36  Overlord  
  12  0:37  Drone  
  13  0:44  Extractor  
  13  0:45  Drone  
  13  1:16  Drone x3  
  16  1:18  Queen  
  18  1:37  Zergling x2  
  18  1:39  Zergling x2  
  20  1:44  Metabolic Boost  
  20  2:16  Overlord  
  20  2:17  Drone  
  20  2:18  Drone  
  22  2:43  Zergling x6  
  25  3:05  Queen  
  27  3:35  Drone x3  
  27  3:47  Hatchery  
Show
View Real Time Build Order
Export as new Build Order

Crocus Protoss 

Build Orders:  

Get SALT Encoding   

  12  0:09  Probe  
  14  0:21  Probe  
  14  0:33  Probe  
  15  0:38  Pylon  
  15  0:52  Pylon  
  15  0:56  Probe  
  16  0:59  Assimilator  
  16  1:04  Assimilator  
  16  1:08  Probe  
  17  1:18  Gateway  
  17  1:20  Probe  
  17  1:21  Gateway  
  18  1:36  Forge  
  18  1:59  Gateway  
  18  2:00  Gateway  
  18  2:04  Probe  
  19  2:17  Probe  
  19  2:19  Cybernetics Core  
  20  2:29  Probe  
Tags
 
League
Silver
Matchup
PvZ
Opening
Pool First
Spawn Locations
Cross Positions
Add a new tag
Caveats
  • Supply blocks, unpowered buildings, or Contaminate may cause inaccurate times.
  • Supply counts are checked every 10 seconds.